 Dungeon Crawl Stone Soup version 0.31-a0-16-g6d2539766c (webtiles) character file.

Game seed: 14634034742238223396

247 BlueFish the Conjurer (level 5, 0/42 HPs)
             Began as a Draconian Conjurer on May 8, 2023.
             Slain by an adder (3 damage)
             ... on level 4 of the Dungeon on May 9, 2023.
             The game lasted 00:09:43 (3789 turns).

BlueFish the Conjurer (Draconian Conjurer)          Turns: 3789, Time: 00:09:44

Health: 0/42       AC:  5    Str:  9    XL:     5   Next: 85%
Magic:  9/9        EV: 12    Int: 20    God:
Gold:   167        SH:  0    Dex: 10    Spells: 9/10 levels left

rFire   . . .        l - +1 dagger (venom)
rCold   . . .        (no shield)
rNeg    . . .        (body armour unavailable)
rPois   .            (helmet restricted)
rElec   .            (no cloak)
rCorr   .            (no gloves)
SInv    .            (no boots)
Will    .....        (no amulet)
Stlth   +            (no ring)
HPRegen 0.27/turn    (no ring)
MPRegen 0.11/turn

%: no passive effects
@: confused
A: AC +5, unfitting armour, cold-blooded
a: no special abilities


You were on level 4 of the Dungeon.
You visited 1 branch of the dungeon, and saw 4 of its levels.

You collected 167 gold pieces.

Inventory:

Hand Weapons
 b - a +0 whip
 d - a +0 dagger
 i - the +1 spear of the Unkillable {pain, +Blink}
   (You found it on level 2 of the Dungeon)

   +Blink:    It lets you blink.
 l - a +1 dagger of venom (weapon)
Wands
 k - a wand of mindburst (10)
Scrolls
 c - 2 scrolls of blinking {unknown}
 f - 3 scrolls of fog {unknown}
 g - a scroll of amnesia {unknown}
 h - 4 scrolls of teleportation {unknown}
 j - a scroll of immolation {unknown}
 o - a scroll of vulnerability {unknown}
Potions
 a - a potion of magic
 e - 2 potions of curing {unknown}
 m - 2 potions of brilliance {unknown}
 n - 2 potions of heal wounds {unknown}
 p - a potion of mutation {unknown}
 q - a potion of cancellation {unknown}
 r - a potion of flight {unknown}
 s - a potion of haste {unknown}


   Skills:
 + Level 2.5 Fighting
 + Level 2.9 Dodging
 + Level 3.1 Stealth
 + Level 3.1 Spellcasting
 + Level 4.7 Conjurations


You had 9 spell levels left.
You knew the following spells:

 Your Spells              Type           Power      Damage    Failure   Level
a - Magic Dart            Conj           88%        1d7       1%          1

Your spell library contained the following spells:

 Spells                   Type           Power      Damage    Failure   Level
 Searing Ray              Conj           44%        2d6       3%          2
 Momentum Strike          Conj/Tloc      24%        3d8       8%          2
 Sandblast                Erth           6%         2d5       14%         1
 Dazzling Flash           Conj/Hex       24%        N/A       16%         3
 Stone Arrow              Conj/Erth      24%        3d8       16%         3
 Blink                    Tloc           6%         N/A       22%         2
 Ensorcelled Hibernation  Hex/Ice        6%         N/A       22%         2
 Lesser Beckoning         Tloc           6%         N/A       22%         2
 Passwall                 Tmut/Erth      2%         N/A       22%         2
 Swiftness                Air            3%         N/A       38%         3
 Fulminant Prism          Conj/Hex       6%         3d7       45%         4
 Iskenderun's Mystic Bla  Conj/Tloc      12%        2d5       45%         4
 Summon Forest            Summ/Tloc      1%         N/A       98%         5
 Summon Mana Viper        Hex/Summ       3%         N/A       98%         5
 Summon Cactus Giant      Summ           1%         N/A       100%        6


Dungeon Overview and Level Annotations

Branches:
Dungeon (4/15)
 Temple: D:4-7

Altars:
Qazlal

Portals:
Abyss: D:3

Annotations:
D:3 2 transporters, OldManVictorn's ghost, novice GnWn


Innate Abilities, Weirdness & Mutations

Your plain brown scales are hard. (AC +5)
You cannot fit into any form of body armour.
You are cold-blooded and may be slowed by cold attacks.


Message History

You feel sick.
The orc wizard points at you and mumbles some strange words.
You resist with some effort.
You hit the orc wizard but do no damage.
The orc wizard looks as sick as possible!
The orc wizard is moderately wounded.
You feel sick.
The orc wizard gestures at you while chanting.
You are confused.
You bump into the rock wall.
You feel sick.
The orc wizard gestures wildly while chanting.
The orc wizard flickers and vanishes!
Deactivating autopickup; reactivate with Ctrl-A.
The orc wizard casts a spell at you.
You are more confused.
The orc wizard attacks as you move away!
The orc wizard hits you with a +2 dagger of venom.
You are more poisoned.
An adder comes into view.
You feel very sick.
You kill the orc wizard!
You feel sick.
The adder hisses angrily.
You feel sick.
You're too confused to move!
You feel sick.
You miss the adder.
You feel sick. The adder closely misses you. The adder barely misses you.
You feel sick. The adder bites you but does no damage. Something hits you.
You feel sick. Something hits you.
* * * LOW HITPOINT WARNING * * *
The orc misses you.
You feel sick. Something hits you.
* * * LOW HITPOINT WARNING * * *
Something hits you.
* * * LOW HITPOINT WARNING * * *
The adder closely misses you.
You miss the adder.
Your tail-slap misses the adder.
You feel sick.
You are no longer poisoned.
Something hits you but does no damage. The adder bites you.
You die...

#### ..# ### ####.## #.#
#.###.....# ... ..........#
#.# #.#####{S.# #.#
#<...).o@## #.# ########o#
≈≈≈.≈≈ ###.##### #.# ≈≈.≈
........# ##'## #≈.≈
#.......# ##...## #P.P###
#.#####.# ##.....##
###.##.# #.# #.# ##.......#
##....#.# #.#
#.####.........####.......#
#.#
#....'........<'...........


You could see an adder and 2 orcs.

Vanquished Creatures
  A howler monkey (D:4)
  3 orc wizards
  Robin (D:2)
  3 adders
  2 worms (D:3)
  2 dart slugs
  3 orcs
  8 bats
  3 endoplasms
  5 giant cockroaches
  15 goblins
  6 hobgoblins
  3 jackals (D:4)
  5 kobolds
  3 quokkas
  7 ball pythons
  5 frilled lizards
  8 rats
83 creatures vanquished.

Notes
Turn   | Place    | Note
-------+----------+-------------------------------------------
     0 | D:1      | BlueFish the Draconian Conjurer began the quest for the
                  | Orb.
     0 | D:1      | Reached XP level 1. HP: 14/14 MP: 3/3
   449 | D:1      | Reached XP level 2. HP: 22/22 MP: 0/5
   862 | D:2      | Identified the +1 spear of the Unkillable {pain, +Blink}
  1031 | D:2      | Reached skill level 1 in Fighting
  1286 | D:2      | Reached XP level 3. HP: 28/28 MP: 6/6
  1355 | D:2      | Found a stormy altar of Qazlal.
  1370 | D:2      | Noticed Robin
  1395 | D:2      | Killed Robin
  1513 | D:2      | Reached XP level 4. HP: 35/35 MP: 3/7
  2546 | D:3      | Noticed an ancient zyme
  2551 | D:3      | Found a transporter.
  2555 | D:3      | Noticed OldManVictorn's ghost (novice GnWn)
  2571 | D:3      | Reached XP level 5. HP: 41/41 MP: 7/9
  2695 | D:3      | Found a transporter.
  2701 | D:3      | Found a one-way gate to the infinite horrors of the Abyss.
  3789 | D:4      | Slain by an adder

Illustrated notes

Levels and vault maps discovered:
D:1:      dpeg_arrival_tiny_a, layout_basic
D:2:      layout_basic, basic_altar, st_stairs_14, grunt_ministairs_7,
          kennysheep_potato, uniq_robin
D:3:      layout_basic, gammafunk_ghost_abyssal_escape
D:4:      minmay_general_purpose_star, layout_loops_corners,
          dreamdust_princess_bridge

Skill      XL: |  1  2  3  4  5 |
---------------+----------------+-----
Stealth        | 2 3 |  3.1
Dodging        | 2 |  2.9
Fighting       | 1 2 |  2.5
Spellcasting   | 3 |  3.1
Conjurations   | |  4.7

Action                     |  1- 3 |  4- 6 || total
---------------------------+-------+-------++-------
  Melee: Dagger            |    63 |   101 ||   164
         Whip              |     2 |       ||     2
         Spear             |     5 |       ||     5
         Tailslap          |     9 |    11 ||    20
         Punch             |       |     1 ||     1
   Cast: Magic Dart        |    39 |    28 ||    67
   Stab: Sleeping          |     1 |     5 ||     6
 Armour: Skin              |    28 |    30 ||    58
  Dodge: Dodged            |    40 |    48 ||    88

Table legend: (Time is in decaauts)
 A = Elapsed time spent in this place.
 B = Non-inter-level travel time spent in this place.
 C = Inter-level travel time spent in this place.
 D = Time resting spent in this place.
 E = Time spent auto-exploring this place.
 F = Levels seen in this place.
 G = Mean time per level.
                   A        B        C        D        E       F      G
               +--------+--------+--------+--------+--------+-----+--------+
         Total |   3787 |   3550 |    237 |      0 |   2595 |   4 |  946.8 |
       Dungeon |   3787 |   3550 |    237 |      0 |   2595 |   4 |  946.8 |
               +--------+--------+--------+--------+--------+-----+--------+

Top non-repeatable levels by time:
     D:2: 1471 daAuts
     D:3: 880 daAuts
     D:1: 854 daAuts
     D:4: 580 daAuts
